 Dungeon Crawl Stone Soup version 0.20-a0-1122-gb7cbeb9 (webtiles) character file.

7 Lochraine the Sneak (level 2, -1/17 HPs)
             Began as an Octopode Wizard on May 12, 2017.
             Slain by a jackal (2 damage)
             ... on level 1 of the Dungeon.
             The game lasted 00:01:02 (185 turns).

Lochraine the Sneak (Octopode Wizard)                Turns: 185, Time: 00:01:03

Health: -1/17      AC:  1    Str:  6    XL:     2   Next: 0%
Magic:  0/6        EV: 13    Int: 20    God:
Gold:   0          SH:  0    Dex: 10    Spells: 6/7 levels left

rFire    . . .     SeeInvis .   (no weapon)
rCold    . . .     Gourm    .   (no shield)
rNeg     . . .     Faith    .   a - +0 hat
rPois    .         Spirit   .   (no amulet)
rElec    .         Reflect  .   e - ring of resist corrosion
rCorr    +         Harm     .   (no ring)
MR       .....                  (no ring)
Stlth    +++.......             (no ring)
Regen    0.1/turn               (no ring)
MPRegen  0.1/turn               (no ring)
                                (no ring)
                                (no ring)

@: very slightly contaminated
A: almost no armour, stealthy swim, amphibious, 8 rings, constrict 8, camouflage
1, gelatinous body 1
a: no special abilities


You were on level 1 of the Dungeon.
You were not hungry.

You visited 1 branch of the dungeon, and saw 1 of its levels.

Inventory:

Armour
 a - a +0 hat (worn)
Jewellery
 e - a ring of resist corrosion (left tentacle)
   (You found it on level 1 of the Dungeon)
Books
 b - a book of Minor Magic
Comestibles
 d - 4 chunks of flesh
 q - a bread ration


   Skills:
 - Level 2.0 Dodging
 + Level 3.1 Stealth
 + Level 3.1 Spellcasting
 + Level 1.3 Conjurations
   Level 1.0 Summonings
   Level 1.0 Translocations


You had 6 spell levels left.
You knew the following spells:

 Your Spells              Type           Power        Failure   Level  Hunger
a - Magic Dart            Conj           #...         9%          1    None


Dungeon Overview and Level Annotations

Branches:
Dungeon (1/15)

Altars:


Innate Abilities, Weirdness & Mutations

You cannot wear most types of armour.
You are very stealthy in the water. (Stealth+)
You are amphibious.
You can wear up to eight rings at the same time.
You can use your tentacles to constrict eight enemies at once.
Your skin changes colour to match your surroundings (Stealth+).
Your rubbery body absorbs attacks. (AC +1, EV +1)


Message History

The magic dart hits the jackal.
The jackal barely misses you. The rat misses you.
Unknown command.
You tentacle-slap the jackal but do no damage.
Your grab misses the jackal. The jackal barely misses you. The rat misses you.
The jackal closely misses you. The jackal bites you.
* * * LOW HITPOINT WARNING * * *
The jackal bites you.
* * * LOW HITPOINT WARNING * * *
The rat closely misses you.
Your magical contamination has completely faded away.
Unknown command.
The jackal barely misses you.
Aim: a jackal The magic dart hits the jackal.
The frilled lizard hisses angrily.
The jackal barely misses you. The rat closely misses you.
The jackal barely misses you.
A rat comes into view.
As you read the scroll labeled ROIG HUEBYEHIL, it crumbles to dust.
You feel strangely unstable.
It was a scroll of teleportation.
The jackal barely misses you. The rat bites you.
* * * LOW HITPOINT WARNING * * *
The jackal barely misses you.
Unknown command.
Your surroundings seem slightly different.
The jackal closely misses you.
The rat twitches its whiskers.
You aren't carrying any potions.
Unknown command.
The jackal barely misses you.
You see here 11 stones.
The jackal bites you.
* * * LOW HITPOINT WARNING * * *
The jackal bites you.
* * * LOW HITPOINT WARNING * * *
Aim: a jackal (heavily wounded)
You miscast Magic Dart.
You are very lightly contaminated with residual magic.
Nothing appears to happen.
The jackal closely misses you. The jackal closely misses you.
The jackal misses you. The jackal misses you.
Aim: a jackal (heavily wounded)
The magic dart hits the jackal.
The jackal closely misses you. The jackal bites you.
* * * LOW HITPOINT WARNING * * *
The jackal bites you.
You die...

####### #.....# #.....#
#.....#####. #.......hh..
################.##########
#........r..........l......
#....r.l.h@................
#...#######...#####...####
#...# #...# #...# . #...#
#...# #...####. #..l#
#...#####.รท......
#...#######................
#..r...(................###
#...........#####...#
#........####...# #...#


You could see a jackal, a frilled lizard and 2 rats.

Vanquished Creatures
  A bat (D:1)
  2 goblins (D:1)
  A jackal (D:1)
  A kobold (D:1)
5 creatures vanquished.

Notes
Turn   | Place    | Note
-------+----------+-------------------------------------------
     0 | D:1      | Lochraine the Octopode Wizard began the quest for the Orb.
     0 | D:1      | Reached XP level 1. HP: 11/11 MP: 4/4
   131 | D:1      | Reached XP level 2. HP: 17/17 MP: 0/6
   185 | D:1      | Slain by a jackal

Vault maps used:
D:1:      dpeg_arrival_boxorama, kennysheep_crisscross

Skill      XL: |  1 |
---------------+----+-----
Stealth        | 3 |  3.1
Dodging        | |  2.0
Spellcasting   | |  3.1
Conjurations   | |  1.3
Summonings     | |  1.0
Translocations | |  1.0

Action                   || total
-------------------------++-------
Melee: Unarmed           ||     5
       Constrict         ||     1
 Cast: Magic Dart        ||    14
  Use: Scroll            ||     1
Dodge: Dodged            ||    28
